 Dungeon Crawl Stone Soup version 0.25-a0-413-g3b4b6a4ccc (webtiles) character file.

Game seed: 10232614832056742443, levelgen mode: deterministic

11125 Ijustatesigmund the Basher (level 11, -3/123 HPs)
             Began as an Octopode Monk on Jan 16, 2020.
             Was a High Priest of Cheibriados.
             Killed by mirror damage (16 damage)
             ... on level 12 of the Dungeon.
             The game lasted 00:24:57 (15368 turns).

Ijustatesigmund the Basher (Octopode Monk)         Turns: 15368, Time: 00:24:59

Health: -3/123     AC: 25    Str: 27    XL:     11   Next: 72%
Magic:  12/17      EV:  2    Int: 26    God:    Cheibriados [*****.]
Gold:   974        SH:  3    Dex: 33    Spells: 10/10 levels left

rFire    + . .     SeeInvis .   q - +4 dire flail
rCold    . . .     Gourm    .   (shield currently unavailable)
rNeg     + + +     Faith    .   (helmet currently unavailable)
rPois    +         Spirit   .   o - +3 amulet of reflection
rElec    .         Reflect  +   f - ring of protection from fire
rCorr    .         Harm     .   t - ring of poison resistance
MR       .....     NoTele   +   w - +3 ring of dexterity
Stlth    ++++......             (no ring)
HPRegen  0.30/turn              (no ring)
MPRegen  0.15/turn              (no ring)
                                (no ring)
                                (no ring)

@: tree-form, very slow
A: almost no armour, stealthy swim, (amphibious), 8 rings, (constrict 8)
a: Bend Time, Temporal Distortion, Slouch, Step From Time, Renounce Religion


You were on level 12 of the Dungeon.
You worshipped Cheibriados.
Cheibriados was extremely pleased with you.
You were not hungry.
You were a tree.
You visited 2 branches of the dungeon, and saw 13 of its levels.

You collected 974 gold pieces.

Inventory:

Hand Weapons
 a - a +3 flail
 q - a +4 dire flail (weapon)
Missiles
 m - 7 javelins (quivered)
Jewellery
 f - a ring of protection from fire (left branch)
 o - a +3 amulet of reflection (around neck)
 t - a ring of poison resistance (right branch)
 w - a +3 ring of dexterity (on tentacle)
 C - an uncursed amulet of regeneration
Wands
 g - a wand of paralysis (8)
 k - a wand of acid (12)
 p - a wand of polymorph (8)
 A - a wand of disintegration (14)
Scrolls
 c - a scroll of teleportation
 h - 8 scrolls of remove curse
 r - a scroll of magic mapping
 u - 3 scrolls of identify
 v - a scroll of immolation
 x - a scroll of amnesia
 z - 2 scrolls of enchant weapon
Potions
 d - 3 potions of brilliance
 i - a potion of lignification
 j - 2 potions of cancellation
 l - 2 potions of flight
Miscellaneous
 s - a lightning rod (1/4)
 y - a phial of floods
Comestibles
 b - 21 rations


   Skills:
 + Level 10.5 Fighting
 + Level 10.5 Maces & Flails
 - Level 6.2 Dodging
 - Level 5.5 Stealth
 + Level 9.2 Invocations
 + Level 4.6 Evocations


You had 10 spell levels left.
You didn't know any spells.
Your spell library contained the following spells:

 Spells                   Type           Power        Failure   Level  Hunger
 Freeze                   Ice            #...         13%         1    ##.....
 Shock                    Conj/Air       #...         13%         1    ##.....
 Swiftness                Chrm/Air       #.......     19%         2    ###....
 Ozocubu's Armour         Chrm/Ice       #.......     36%         3    ####...
 Static Discharge         Conj/Air       #.......     36%         3    ####...
 Airstrike                Air            #.........   77%         4    #####..
 Hailstorm                Conj/Ice       #.......     77%         4    #####..
 Summon Ice Beast         Ice/Summ       #.......     77%         4    #####..
 Lightning Bolt           Conj/Air       #.........   98%         5    ######.


Dungeon Overview and Level Annotations

Branches:
Dungeon (12/15)            Temple (1/1) D:7            Lair (0/6) D:8
    Orc: D:9-12

Altars:
Ashenzari
Cheibriados
Dithmenos
Elyvilon
Fedhas
Gozag
Hepliaklqana
Kikubaaqudgha
Makhleb
Nemelex Xobeh
Okawaru
Qazlal
Ru
Sif Muna
Trog
Uskayaw
Vehumet
Wu Jian
Xom
Yredelemnul
Zin
The Shining One


Innate Abilities, Weirdness & Mutations

You cannot wear most types of armour.
You are very stealthy in the water. (Stealth+)
((You are amphibious.))
You can wear up to eight rings at the same time.
((You can use your tentacles to constrict eight enemies at once.))
((Your skin changes colour to match your surroundings (Stealth+).))
((Your rubbery body absorbs attacks. (AC +1, EV +1)))


Message History

You block the phantasmal warrior's attack.
You sock the phantasmal warrior!
The phantasmal warrior is severely damaged.
The phantasmal warrior hits you!!
* * * LOW HITPOINT WARNING * * *
You feel better.
You block the phantasmal warrior's attack.
You hit the phantasmal warrior.
The phantasmal warrior is almost destroyed.
You barely miss the phantasmal warrior.
The phantasmal warrior is almost destroyed.
The phantasmal warrior hits you!
* * * LOW HITPOINT WARNING * * *
You can feel time thicken for a moment.
You destroy the phantasmal warrior!
Cheibriados appreciates the change of pace.
You feel somewhat more hungry.
Cheibriados lowers the support of your attributes as your movement quickens.
The death knight reflects your damage back at you!
You die...

########## ####
####........# .....
###p.♣........#
......#..W##........#
......'.####........#
......### #........#
..... #........# ....
#.<...†..# ###
#........# #(.......#
#........#


You could see a death knight and a wraith.

Vanquished Creatures
  A fire crab (shapeshifter) (D:12)
  A phantasmal warrior (D:12)
  2 cyclopes (D:11)
  An ugly thing (D:11)
  A wolf spider zombie (D:11)
  A centaur skeleton (D:10)
  A komodo dragon (D:10)
  A freezing wraith (D:12)
  A troll (D:12)
  2 hippogriffs (D:11)
  A shadow (D:12)
  6 yaks
  A wraith (D:12)
  2 hungry ghosts
  An acid dragon (D:11)
  A water moccasin (D:9)
  4 sky beasts
  4 orc warriors
  3 ice beasts
  A phantom (D:11)
  7 ogres
  2 necrophages
  4 centaurs
  A crocodile (D:8)
  11 bullfrogs
  A big kobold (D:9)
  2 scorpions
  8 killer bees
  7 wights
  7 howler monkeys
  7 crimson imps
  A centaur zombie (D:7)
  4 hounds
  3 orc priests
  6 jellies
  9 orc wizards
  3 bullfrog skeletons
  2 iguanas
  8 worker ants
  13 adders
  5 gnolls
  A shadow imp (D:6)
  2 oozes
  2 adder skeletons
  4 worms
  2 dart slugs
  5 leopard geckos
  28 orcs
  A ball python (D:6)
  7 bats
  3 giant cockroaches
  5 goblins
  11 hobgoblins
  7 jackals
  13 kobolds
  9 quokkas
  5 frilled lizards
  A jackal skeleton (D:5)
  A leopard gecko skeleton (D:4)
  2 quokka skeletons (D:4)
  A quokka zombie (D:6)
  7 rats
264 creatures vanquished.

Notes
Turn   | Place    | Note
-------+----------+-------------------------------------------
     0 | D:1      | Ijustatesigmund the Octopode Monk began the quest for the
                  | Orb.
     0 | D:1      | Reached XP level 1. HP: 16/16 MP: 1/1
   251 | D:1      | Reached XP level 2. HP: 16/21 MP: 2/2
   796 | D:2      | Reached XP level 3. HP: 15/26 MP: 3/3
  1578 | D:1      | Reached XP level 4. HP: 25/33 MP: 4/4
  3344 | D:3      | Reached XP level 5. HP: 36/37 MP: 5/5
  4364 | D:4      | Reached XP level 6. HP: 39/44 MP: 6/6
  4678 | D:4      | Found a shimmering blue altar of Sif Muna.
  4930 | D:5      | Entered Level 5 of the Dungeon
  5008 | D:5      | HP: 2/44 [centaur/arrow (15)]
  5012 | D:5      | Reached skill level 5 in Maces & Flails
  5261 | D:5      | HP: 2/45 [acid (4)]
  5262 | D:5      | Reached skill level 5 in Fighting
  5262 | D:5      | Reached skill level 5 in Dodging
  5262 | D:5      | Reached XP level 7. HP: 2/50 MP: 7/7
  6409 | D:5      | You fall into a shaft and drop 1 floor!
  6510 | D:6      | Found a shimmering altar of Xom.
  6647 | D:6      | Reached XP level 8. HP: 54/57 MP: 8/8
  7587 | D:7      | Found a staircase to the Ecumenical Temple.
  7598 | Temple   | Entered the Ecumenical Temple
  7758 | Temple   | Became a worshipper of Cheibriados the Contemplative
  7758 | Temple   | Reached * piety under Cheibriados
  7758 | Temple   | Reached ** piety under Cheibriados
  7864 | D:7      | Reached skill level 1 in Invocations
  8023 | D:7      | Got a pitted war axe
  8024 | D:7      | Identified the +0 war axe "Foimo" {venom, *Drain Int+4
                  | Stlth+} (You found it on level 7 of the Dungeon)
  8998 | D:7      | Reached XP level 9. HP: 62/64 MP: 11/11
  9400 | D:7      | Reached *** piety under Cheibriados
  9874 | D:8      | Reached skill level 5 in Invocations
 10014 | D:8      | Found a staircase to the Lair.
 10758 | D:9      | Reached XP level 10. HP: 72/73 MP: 14/14
 10999 | D:9      | Reached **** piety under Cheibriados
 11425 | D:10     | Entered Level 10 of the Dungeon
 12006 | D:11     | Noticed a brown ugly thing
 12354 | D:10     | Reached ***** piety under Cheibriados
 12534 | D:10     | Reached skill level 5 in Stealth
 13149 | D:11     | Reached skill level 1 in Evocations
 13151 | D:11     | Reached XP level 11. HP: 39/81 MP: 15/17
 13252 | D:11     | Killed a brown ugly thing
 13557 | D:11     | Noticed a cyclops
 13573 | D:11     | Killed a cyclops
 13667 | D:11     | Reached skill level 10 in Fighting
 13667 | D:11     | Reached skill level 10 in Maces & Flails
 14093 | D:11     | Noticed a cyclops
 14160 | D:11     | You fall into a shaft and drop 1 floor!
 14467 | D:12     | Noticed a fire crab
 14474 | D:12     | Killed a fire crab
 14791 | D:11     | Killed a cyclops
 15271 | D:12     | Reached ****** piety under Cheibriados
 15284 | D:12     | Noticed a phantasmal warrior
 15360 | D:12     | Noticed a death knight
 15368 | D:12     | Killed a phantasmal warrior
 15368 | D:12     | Killed by mirror damage

Levels and vault maps discovered:
D:1:      scummos_arrival_simple_fountains, layout_basic
D:2:      layout_basic
D:3:      minmay_bubble_buster, layout_rooms, nrook_uturn,
          hangedman_decor_diamond_cutter
D:4:      layout_basic, lemuel_coloured_pillars_altar
D:5:      layout_basic, first_ration
D:6:      layout_rooms, basic_altar
D:7:      layout_layer_cave, minmay_temple_entry_wispy
D:8:      layout_loops_ring, lair_entry_dummy, grunt_pizzeria,
          kennysheep_generic_room_6
D:9:      layout_gridville
D:10:     layout_basic
D:11:     layout_irregular_city, minmay_checkerbox
D:12:     layout_roguey [special_room_orc], hiddenorc1_lemuel,
          grunt_ministairs_4
Temple:   kilobyte_greek_temple

Skill      XL: |  1  2  3  4  5  6  7  8  9 10 11 |
---------------+----------------------------------+-----
Maces & Flails | 4 5 7 8 9 10 | 10.5
Fighting       | 4 5 7 8 9 10 | 10.5
Dodging        | 4 5 6 |  6.2
Invocations    | 3 6 8 9 |  9.2
Stealth        | 5 |  5.5
Evocations     | 1 4 |  4.6

Action                   |  1- 3 |  4- 6 |  7- 9 | 10-12 || total
-------------------------+-------+-------+-------+-------++-------
Melee: Mace              |    52 |   135 |       |       ||   187
       Constrict         |    12 |    37 |    43 |    36 ||   128
       Tentacles         |     9 |    39 |    61 |    77 ||   186
       Flail             |       |    16 |   193 |       ||   209
       Dire flail        |       |       |    23 |   215 ||   238
Throw: Javelin           |       |       |     2 |    20 ||    22
Invok: Slouch            |       |       |       |     1 ||     1
Evoke: Wand              |       |       |       |    13 ||    13
       Lightning rod     |       |       |       |     3 ||     3
  Use: Scroll            |     4 |     4 |    10 |     8 ||    26
       Potion            |     1 |     1 |     4 |     8 ||    14
 Stab: Sleeping          |     9 |     8 |    16 |    14 ||    47
       Distracted        |       |       |     1 |     2 ||     3
       Paralysed         |       |       |       |     3 ||     3
  Eat: Chunk             |     2 |     8 |     8 |     7 ||    25
       Ration            |       |     1 |     2 |       ||     3
Armor: Skin              |     5 |    36 |     5 |    15 ||    61
Dodge: Dodged            |    28 |   121 |   130 |   184 ||   463
Block: Other             |       |       |    11 |    22 ||    33
       Reflection        |       |       |       |     2 ||     2

Table legend:
 A = Non-vault XP
 B = Vault XP
 C = Vault XP percentage of total XP
 D = Non-vault monster count
 E = Vault monster count
 F = Vault count percentage of total count
                 A         B        C        D         E       F
            +---------+---------+-------+---------+---------+-------
      Total |   14559 |    1335 |   8.4 |     241 |      23 |   8.7
            +---------+---------+-------+---------+---------+-------
        D:1 |      48 |       0 |   0.0 |      22 |       0 |   0.0
        D:2 |      65 |       0 |   0.0 |      13 |       0 |   0.0
        D:3 |      53 |     105 |  66.5 |      25 |      13 |  34.2
        D:4 |     171 |       0 |   0.0 |      11 |       0 |   0.0
        D:5 |     630 |       0 |   0.0 |      14 |       0 |   0.0
        D:6 |     468 |       0 |   0.0 |      15 |       0 |   0.0
        D:7 |     945 |       0 |   0.0 |      19 |       0 |   0.0
        D:8 |    1550 |     140 |   8.3 |      29 |       2 |   6.5
        D:9 |    1371 |       0 |   0.0 |      30 |       0 |   0.0
       D:10 |    2194 |       0 |   0.0 |      16 |       0 |   0.0
       D:11 |    4582 |     712 |  13.4 |      38 |       4 |   9.5
       D:12 |    2482 |     378 |  13.2 |       9 |       4 |  30.8
            +---------+---------+-------+---------+---------+-------
